 Dungeon Crawl Stone Soup version 0.28-a0-1286-g6bde065e89 (webtiles) character file.

Game seed: 14652212304587114153

129 Gwenloh the Chopper (level 5, -4/46 HPs)
             Began as a Hill Orc Cinder Acolyte on Dec 27, 2021.
             Was a High Priest of Ignis.
             Slain by an iguana (11 damage)
             ... on level 3 of the Dungeon.
             The game lasted 00:06:11 (1972 turns).

Gwenloh the Chopper (Hill Orc Cinder Acolyte)       Turns: 1972, Time: 00:06:12

Health: -4/46      AC:  7    Str: 17    XL:     5   Next: 12%
Magic:  5/7        EV: 11    Int: 14    God:    Ignis [*****.]
Gold:   81         SH:  0    Dex:  8    Spells: 5/7 levels left

rFire   + + .      SeeInvis .   a - -1 hand axe (flame)
rCold   . . .      Faith    .   (no shield)
rNeg    . . .      Spirit   .   i - +2 leather armour {rF+}
rPois   .          Reflect  .   (no helmet)
rElec   .          Harm     .   (no cloak)
rCorr   .          Rampage  .   c - +0 pair of gloves
Will    .....                   m - +0 pair of boots
Stlth   +.........              (no amulet)
HPRegen 0.15/turn               (no ring)
MPRegen 0.10/turn               (no ring)

@: no status effects
A: no striking features
a: Renounce Religion, Fiery Armour, Foxfire Swarm, Rising Flame


You were on level 3 of the Dungeon.
You worshipped Ignis.
Ignis was extremely pleased with you.
You visited 1 branch of the dungeon, and saw 3 of its levels.

You collected 81 gold pieces.

Inventory:

Hand Weapons
 a - a -1 hand axe of flaming (weapon)
Missiles
 k - 17 sling bullets
Armour
 b - a +0 robe
 c - a +0 pair of gloves (worn)
 i - a +2 leather armour of fire resistance (worn)
 m - a +0 pair of boots (worn)
Scrolls
 g - 2 scrolls of identify {unknown}
 h - 2 scrolls of magic mapping {unknown}
 j - a scroll of enchant weapon {unknown}
 l - a scroll of vulnerability {unknown}
 n - a scroll of noise {unknown}
Potions
 d - a potion of invisibility {unknown}
 e - a potion of cancellation {unknown}
 f - a potion of flight {unknown}


   Skills:
 + Level 4.2 Fighting
 * Level 5.5 Axes
 + Level 1.7 Armour
 + Level 1.6 Spellcasting
 + Level 3.9 Fire Magic


You had 5 spell levels left.
You knew the following spells:

 Your Spells              Type           Power      Damage    Failure   Level
a - Scorch                Fire           24%        2d6       9%          2

Your spell library contained the following spells:

 Spells                   Type           Power      Damage    Failure   Level
 Beastly Appendage        Tmut           2%         N/A       30%         1
 Wereblood                Tmut           1%         N/A       41%         2
 Spider Form              Tmut/Pois      1%         N/A       65%         3


Dungeon Overview and Level Annotations

Branches:
Dungeon (3/15)

Altars:

Shops:
D:1 (


Message History

There is a stone staircase leading up here.
A gnoll comes into view. It is wielding a +0 club.
Casting: Scorch (safe; 9% risk of failure)
Confirm with . or Enter, or press ? or * to list all spells.
Flames lash the gnoll.
The gnoll is moderately wounded.
The gnoll's fire resistance burns away.
The gnoll shouts!
You hear an angry hiss. x2
An adder comes into view.
A ball python comes into view.
A gnoll comes into view. It is wielding a +0 spear.
The gnoll barely misses you.
The gnoll throws a throwing net.
The throwing net hits you.
You become entangled in the net!
You stop ascending the stairs.
The iguana bites you.
The gnoll hits you from afar with a +0 spear.
Unknown command.
You struggle against the net.
The iguana bites you. The gnoll hits you but does no damage.
You struggle against the net.
The gnoll is no longer more vulnerable to fire.
The gnoll completely misses you. The iguana bites you.
You shred the net and break free!
The gnoll throws a throwing net.
The throwing net hits you.
You become entangled in the net!
The iguana bites you but does no damage.
You struggle against the net.
The gnoll hits you with a +0 club! The iguana barely misses you.
The gnoll hits you from afar with a +0 spear!
You struggle against the net.
The gnoll hits you with a +0 club.
* * * LOW HITPOINT WARNING * * *
The iguana barely misses you.
The gnoll hits you from afar with a +0 spear.
* * * LOW HITPOINT WARNING * * *
You struggle against the net.
The gnoll hits you with a +0 club.
* * * LOW HITPOINT WARNING * * *
The gnoll barely misses you. x2; The iguana bites you.
* * * LOW HITPOINT WARNING * * *
You shred the net and break free! The gnoll barely misses you.
The gnoll closely misses you. The gnoll barely misses you.
The iguana bites you!
You die...

. .. ...###
......####
......)..####..
.......lK.....#
....!..@g......
########ggg....
#S>.... S.....
..... .....
...# ....


You could see an iguana, 4 gnolls, an adder, a ball python and a kobold.

Vanquished Creatures
  Natasha (thrice) (D:2)
  2 adders (D:2)
  A worm (D:2)
  A dart slug (D:1)
  7 ball pythons
  An endoplasm (D:2)
  A giant cockroach (D:1)
  A goblin (D:2)
  4 jackals
  9 bats
  2 frilled lizards (D:1)
  6 kobolds
  2 rats (D:1)
40 creatures vanquished.

Notes
Turn   | Place    | Note
-------+----------+-------------------------------------------
     0 | D:1      | Gwenloh the Hill Orc Cinder Acolyte began the quest for the
                  | Orb.
     0 | D:1      | Reached XP level 1. HP: 19/19 MP: 2/2
   394 | D:1      | Reached XP level 2. HP: 27/27 MP: 3/3
   397 | D:1      | Learned a level 2 spell: Scorch
   530 | D:1      | Found Feil's Weapon Boutique.
   993 | D:2      | Reached skill level 1 in Armour
   993 | D:2      | Reached XP level 3. HP: 30/33 MP: 1/4
  1366 | D:2      | Noticed Natasha
  1369 | D:2      | Killed Natasha
  1370 | D:2      | Reached skill level 5 in Axes
  1370 | D:2      | Reached XP level 4. HP: 40/40 MP: 0/6
  1609 | D:2      | Noticed Natasha
  1662 | D:2      | Killed Natasha
  1671 | D:2      | Noticed Natasha
  1681 | D:2      | Killed Natasha
  1682 | D:2      | Reached XP level 5. HP: 32/46 MP: 2/7
  1972 | D:3      | Slain by an iguana

Illustrated notes

Levels and vault maps discovered:
D:1:      wander_arrival_desolate, layout_rooms, serial_shops,
          nicolae_shop_stone
D:2:      layout_rooms, uniq_natasha
D:3:      layout_rooms, amcnicky_altar_gilded,
          hellmonk_ecumenical_altar_arch_garden, cheibrodos_sewer_entry_bend,
          uniq_sigmund

Skill      XL: |  1  2  3 |
---------------+----------+-----
Armour         | 1 |  1.7
Fighting       | 4 |  4.2
Axes           | 5 |  5.5
Spellcasting   | |  1.6
Fire Magic     | |  3.9

Action                   |  1- 3 |  4- 6 || total
-------------------------+-------+-------++-------
Melee: Hand axe          |    49 |    10 ||    59
 Cast: Scorch            |    21 |    12 ||    33
Armor: Robe              |    10 |       ||    10
       Leather armour    |     1 |     7 ||     8
Dodge: Dodged            |    25 |    14 ||    39

Table legend: (Time is in decaauts)
 A = Elapsed time spent in this place.
 B = Non-inter-level travel time spent in this place.
 C = Inter-level travel time spent in this place.
 D = Time resting spent in this place.
 E = Time spent auto-exploring this place.
 F = Levels seen in this place.
 G = Mean time per level.
                   A        B        C        D        E       F      G
               +--------+--------+--------+--------+--------+-----+--------+
         Total |   1985 |   1906 |     79 |    235 |   1291 |   3 |  661.7 |
       Dungeon |   1985 |   1906 |     79 |    235 |   1291 |   3 |  661.7 |
               +--------+--------+--------+--------+--------+-----+--------+

Top non-repeatable levels by time:
     D:2: 1000 daAuts
     D:1: 975 daAuts
     D:3: 9 daAuts
